 Dungeon Crawl Stone Soup version 0.29.0-11-gd7f09526c8 (webtiles) character file.

Game seed: 6507173999381002923

7 LustLizard the Magician (level 2, 0/21 HPs)
             Began as a Djinni Ice Elementalist on Sept 3, 2022.
             Slain by Natasha (8 damage)
             ... on level 2 of the Dungeon.
             The game lasted 00:00:51 (210 turns).

LustLizard the Magician (Djinni Ice Elementalist)    Turns: 210, Time: 00:00:52

Health: 0/21       AC:  2    Str:  7    XL:     2   Next: 5%
Gold:   0          EV: 12    Int: 16    God:
                   SH:  0    Dex: 13

rFire   + + .      SeeInvis .   b - +0 short sword
rCold   x . .      Faith    .   (no shield)
rNeg    . . .      Spirit   .   a - +0 robe
rPois   ∞          Reflect  .   (no helmet)
rElec   .          Harm     .   (no cloak)
rCorr   .          Rampage  .   (no gloves)
Will    .....                   (boots unavailable)
Stlth   ++........              (no amulet)
HPRegen 0.07/turn               (no ring)
MPRegen 0.00/turn               (no ring)

@: flying
A: sickness immunity, fire resistance 2, cold vulnerability 1, float, innate
caster, HP casting, extra vitality 1
a: no special abilities


You were on level 2 of the Dungeon.
You visited 1 branch of the dungeon, and saw 2 of its levels.

Inventory:

Hand Weapons
 b - a +0 short sword (weapon)
Missiles
 c - 13 stones
Armour
 a - a +0 robe (worn)
Scrolls
 d - a scroll of enchant armour {unknown}
 e - a scroll of vulnerability {unknown}


   Skills:
 - Level 2.1 Dodging
 + Level 1.9 Stealth
 + Level 3.4 Spellcasting


You couldn't memorise any spells.
You knew the following spells:

 Your Spells              Type           Power      Damage    Failure   Level
a - Freeze                Ice            52%        1d7       4%          1
b - Frozen Ramparts       Ice            26%        1d4       13%         3
c - Ozocubu's Armour      Ice            13%        N/A       13%         3
d - Hailstorm             Conj/Ice       13%        3d5       41%         4
Your spell library was empty.

Dungeon Overview and Level Annotations

Branches:
Dungeon (1/15)

Altars:

Annotations:
D:2 Natasha


Innate Abilities, Weirdness & Mutations

You are immune to sickness and miasma.
You are immune to poison.
Your flesh is very heat resistant. (rF++)
You are vulnerable to cold. (rC-)
You float through the air rather than walking.
You learn spells naturally, not from books.
Your magical power is your life essence.
You have superior vitality. (+4 MHP)


Message History

Confirm with . or Enter, or press ? or * to list all spells.
Aiming: Freeze (safe; 4% risk of failure)
Press: ? - help, Shift-Dir - straight line, f - goblin
Aim: a goblin, wielding a +0 club You freeze the goblin.
The goblin is severely wounded.
Casting: Freeze (safe; 4% risk of failure)
Confirm with . or Enter, or press ? or * to list all spells.
Aiming: Freeze (safe; 4% risk of failure)
Press: ? - help, Shift-Dir - straight line, f/p - goblin
Aim: a goblin, wielding a +0 club (severely wounded)
You freeze the goblin!
You kill the goblin!
You have reached level 2!
Casting: Freeze (safe; 4% risk of failure)
Confirm with . or Enter, or press ? or * to list all spells.
Aiming: Freeze (safe; 4% risk of failure)
Press: ? - help, Shift-Dir - straight line, f - Natasha
Aim: Natasha You freeze Natasha.
Natasha is moderately wounded.
Natasha stares at you and mumbles some strange words.
You resist with significant effort.
Casting: Freeze (safe; 4% risk of failure)
Confirm with . or Enter, or press ? or * to list all spells.
Aiming: Freeze (safe; 4% risk of failure)
Press: ? - help, Shift-Dir - straight line, f/p - Natasha
Aim: Natasha (moderately wounded)
You freeze Natasha.
Natasha is heavily wounded.
Natasha claws you.
Casting: Freeze (safe; 4% risk of failure)
Confirm with . or Enter, or press ? or * to list all spells.
Aiming: Freeze (safe; 4% risk of failure)
Press: ? - help, Shift-Dir - straight line, f/p - Natasha
Aim: Natasha (heavily wounded)
You freeze Natasha!
Natasha is almost dead.
Natasha claws you!
You die...

##..#.#
###...#.#####
#......#....#
#.#..##.###.#
#. #)# #.# #
#.....# #.#
.# #.#..##
#>###..####
#..
#..........
#..
#@###..###.
#.. #h# .#
#.. #.# # .h.
.<# #.# ...
..# ###


You could see Natasha.

Vanquished Creatures
  A giant cockroach (D:1)
  2 goblins (D:2)
  A frilled lizard (D:1)
  2 kobolds
6 creatures vanquished.

Notes
Turn   | Place    | Note
-------+----------+-------------------------------------------
     0 | D:1      | LustLizard the Djinni Ice Elementalist began the quest for
                  | the Orb.
     0 | D:1      | LustLizard set off with the following spells memorised:
                  | Freeze, Frozen Ramparts, Ozocubu's Armour, Hailstorm.
     0 | D:1      | Reached XP level 1. HP: 15/15 MP: 0/0
   142 | D:1      | You are sucked into a shaft and drop 1 floor!
   189 | D:2      | Noticed Natasha
   208 | D:2      | Reached XP level 2. HP: 14/21 MP: 0/0
   210 | D:2      | Slain by Natasha

Illustrated notes

Levels and vault maps discovered:
D:1:      wander_arrival_chamber, layout_rooms, basic_ecumenical_altar
D:2:      layout_loops_ring, basic_altar, columned_hall_lemuel,
          dk_noncrumbling_2, amcnicky_mini_rare_corridor_liquid, uniq_natasha

Action                   || total
-------------------------++-------
Melee: Short sword       ||     2
 Cast: Freeze            ||    10
 Stab: Sleeping          ||     1
Armor: Robe              ||     2
Dodge: Dodged            ||     4
